 Dungeon Crawl Stone Soup version 0.29.0-4-gdea44cf6ec (webtiles) character file.

Game seed: 9799039416409980630

18 qw the Chopper (level 2, -2/17 HPs)
             Began as a Tengu Warper on Aug 28, 2022.
             Slain by a kobold
             ... wielding a +0 club
              (3 damage)
             ... on level 1 of the Dungeon.
             The game lasted 00:00:00 (387 turns).

qw the Chopper (Tengu Warper)                        Turns: 387, Time: 00:00:01

Health: -2/17      AC:  3    Str: 11    XL:     2   Next: 66%
Magic:  6/6        EV: 11    Int: 13    God:
Gold:   23         SH:  0    Dex: 13    Spells: 5/5 levels left

rFire   . . .      SeeInvis .   a - +0 hand axe
rCold   . . .      Faith    .   (no shield)
rNeg    . . .      Spirit   .   b - +0 leather armour
rPois   .          Reflect  .   (helmet restricted)
rElec   .          Harm     .   (no cloak)
rCorr   .          Rampage  .   (no gloves)
Will    .....                   (boots unavailable)
Stlth   +.........              (no amulet)
HPRegen 0.05/turn               (no ring)
MPRegen 0.10/turn               (no ring)

@: no status effects
A: beak, talons 3
a: no special abilities


You were on level 1 of the Dungeon.
You visited 1 branch of the dungeon, and saw 1 of its levels.

You collected 23 gold pieces.


Innate Abilities, Weirdness & Mutations

You have a beak for a mouth.
You have claws for feet.


   Skills:
 - Level 2.0 Fighting
 + Level 3.5 Axes
 - Level 1.0 Throwing
 - Level 1.1 Armour
 - Level 2.1 Dodging
 - Level 2.0 Spellcasting
 - Level 2.4 Translocations


You had 5 spell levels left.
You didn't know any spells.
Your spell library contained the following spells:

 Spells                   Type           Power      Damage    Failure   Level
 Blink                    Tloc           14%        N/A       19%         2
 Gell's Gravitas          Tloc           7%         N/A       36%         3
 Lesser Beckoning         Tloc           7%         N/A       36%         3
 Teleport Other           Tloc           7%         N/A       36%         3
 Manifold Assault         Tloc           7%         N/A       98%         5

Inventory:

Hand Weapons
 a - a +0 hand axe (weapon)
Missiles
 f - 4 boomerangs (quivered)
Armour
 b - a +0 leather armour (worn)
Scrolls
 c - a scroll of blinking
 h - 2 scrolls of teleportation {unknown}
Potions
 e - a potion of heal wounds {unknown}
 g - a potion of degeneration {unknown}

Dungeon Overview and Level Annotations

Branches:
Dungeon (1/15)

Altars:


Message History

You have reached level 2!
h - 2 scrolls labelled ODAGIADIGO (gained 1)
Found a stone staircase leading down.
You now have 23 gold pieces (gained 10).
Enter note:
There is a stone staircase leading down here.
There is a stone staircase leading down here.
You open the door.
There is an open door here.
You open the door.
An endoplasm and a gnoll come into view.
The endoplasm quivers.
The gnoll shouts!
Found a scroll labelled NEM UZYRIDD.
Enter note: Throw: 4 boomerangs
Press: ? - help, Q - select action Shift-Dir - straight line, f - endoplasm You throw a boomerang.
The boomerang hits the endoplasm.
The endoplasm is severely wounded.
You hit the endoplasm.
You kill the endoplasm!
A kobold comes into view. It is wielding a +0 club.
Your Axes skill increases to level 3!
Throw: 4 boomerangs
Press: ? - help, Q - select action Shift-Dir - straight line, f - gnoll You throw a boomerang.
The boomerang barely misses the gnoll.
The kobold shouts!
You hit the gnoll.
The gnoll is moderately wounded.
The gnoll hits you with a +0 whip!
You hit the gnoll but do no damage. You peck the gnoll.
The gnoll is severely wounded.
The gnoll hits you with a +0 whip!
You hit the gnoll.
You kill the gnoll!
You hit the kobold but do no damage. The kobold hits you with a +0 club.
You closely miss the kobold. Your kick misses the kobold.
The kobold hits you with a +0 club.
You die...

#.##.......#
#.##.......#
#.##.......#
#.....######
## #.##### .
#.# # #.#
##.# #.#
...# #@#
...# #K#
#..... ...
#... .....
%. ....... .
#........
#........#
......?..# #


You could see a kobold.

Vanquished Creatures
  A gnoll (D:1)
  2 endoplasms (D:1)
  A giant cockroach (D:1)
  A goblin (D:1)
  A hobgoblin (D:1)
  A ball python (D:1)
  A rat (D:1)
8 creatures vanquished.

Notes
Turn   | Place    | Note
-------+----------+-------------------------------------------
     0 | D:1      | qw the Tengu Warper began the quest for the Orb.
     0 | D:1      | Reached XP level 1. HP: 12/12 MP: 4/4
     0 | D:1      | 0 ||| qw: Version: 0.1-a-89-g26bdef1
     0 | D:1      | 0 ||| qw: Game counter: 2744
     0 | D:1      | 0 ||| qw: Always use a shield: true
     0 | D:1      | 0 ||| qw: God list: Okawaru
     0 | D:1      | 0 ||| qw: Allow faded altars: false
     0 | D:1      | 0 ||| qw: Do Orc after D:15 true
     0 | D:1      | 0 ||| qw: Do second Lair branch before Depths: true
     0 | D:1      | 0 ||| qw: Lair rune preference: random
     0 | D:1      | 0 ||| qw: Plans: Normal
     0 | D:1      | 0 ||| PLANNING D:1-11
   291 | D:1      | Reached XP level 2. HP: 17/17 MP: 6/6
   381 | D:1      | Reached skill level 3 in Axes
   383 | D:1      | HP: 3/17 [gnoll/+0 whip (7)]
   386 | D:1      | HP: 1/17 [kobold/+0 club (2)]
   387 | D:1      | Slain by a kobold

Levels and vault maps discovered:
D:1:      amcnicky_arrival_feature_with_door, layout_basic

Skill      XL: |  1  2 |
---------------+-------+-----
Axes           | 3 |  3.5
Fighting       | |  2.0
Throwing       | |  1.0
Armour         | |  1.1
Dodging        | |  2.1
Spellcasting   | |  2.0
Translocations | |  2.4

Action                   || total
-------------------------++-------
Melee: Hand axe          ||    10
       Kick              ||     2
       Peck              ||     1
Throw: Boomerang         ||     9

Table legend:
 A = Non-vault XP
 B = Vault XP
 C = Vault XP percentage of total XP
 D = Non-vault monster count
 E = Vault monster count
 F = Vault count percentage of total count
                 A         B        C        D         E       F
            +---------+---------+-------+---------+---------+-------
      Total |      26 |       0 |   0.0 |       8 |       0 |   0.0
            +---------+---------+-------+---------+---------+-------
        D:1 |      26 |       0 |   0.0 |       8 |       0 |   0.0
            +---------+---------+-------+---------+---------+-------
